[Event "Rapidturnier Deutsche Meister"]
[Site "Leipzig"]
[Date "2020.10.03"]
[Round "1.1"]
[White "Paehtz, Thomas"]
[Black "Boensch, Uwe"]
[Result "1/2-1/2"]
[ECO "B81"]
[WhiteElo "2297"]
[BlackElo "2508"]
[Annotator "broadcasts"]
[PlyCount "97"]
[EventDate "2020.10.03"]
[EventType "swiss"]
[EventCountry "GER"]
[TimeControl "900+5"]

1. e4 c5 2. Nf3 d6 3. d4 cxd4 4. Nxd4 Nf6 5. Nc3 e6 6. g4 h6 7. Rg1 Nc6 8. h4 d5 9. exd5 Nxd5 10. Nxd5 Qxd5 11. Bg2 Qe5+ 12. Be3 Bd7 13. Nxc6 Bxc6 14. Bxc6+ bxc6 15. Qd4 Qxd4 16. Bxd4 c5 17. Bc3 O-O-O 18. Ke2 Rd5 19. f4 Rg8 20. Rad1 Kd7 21. h5 Bd6 22. Kf3 g6 23. hxg6 fxg6 24. Rxd5 exd5 25. Rh1 Rf8 26. Bd2 Bxf4 27. Bxf4 g5 28. Rxh6 Rxf4+ 29. Kg3 Re4 30. Rg6 Re2 31. Rxg5 Rxc2 32. Rxd5+ Kc6 33. Rd3 Rxb2 34. Ra3 Rb7 35. g5 Kd5 36. Kf4 Rf7+ 37. Ke3 Rg7 38. g6 Rxg6 39. Rxa7 Kc4 40. Kd2 Rg2+ 41. Kc1 Kd4 42. Ra3 c4 43. Rh3 Rxa2 44. Rg3 Rf2 45. Rh3 Rg2 46. Rf3 Kc5 47. Rh3 Kb4 48. Rf3 c3 49. Rf8 1/2-1/2

[Event "Rapidturnier Deutsche Meister"]
[Site "Leipzig"]
[Date "2020.10.03"]
[Round "1.2"]
[White "Knaak, Rainer"]
[Black "Glienke, Manfred"]
[Result "1-0"]
[ECO "D37"]
[WhiteElo "2476"]
[BlackElo "2231"]
[Annotator "broadcasts"]
[PlyCount "77"]
[EventDate "2020.10.03"]
[EventType "swiss"]
[EventCountry "GER"]
[TimeControl "900+5"]

1. d4 Nf6 2. c4 e6 3. Nc3 d5 4. Nf3 Be7 5. Bf4 O-O 6. e3 c5 7. dxc5 Qa5 8. Be2 dxc4 9. Bxc4 Qxc5 10. Qe2 a6 11. a4 Nc6 12. O-O e5 13. Bg3 Bg4 14. h3 Bh5 15. Bd3 Rfe8 16. Rfc1 Qb4 17. Qc2 Bf8 18. Nd2 Rad8 19. Nde4 Bg6 20. Nxf6+ gxf6 21. Bxg6 hxg6 22. Rd1 Qc4 23. a5 Bb4 24. Qa4 Kg7 25. Na2 Qb5 26. Qxb5 axb5 27. Nxb4 Nxb4 28. f3 Nc2 29. Rac1 Nxe3 30. Rxd8 Rxd8 31. Rc7 Rd1+ 32. Kf2 Nf5 33. Ke2 Rb1 34. Be1 Rxb2+ 35. Bd2 Nd4+ 36. Kd3 b4 37. Rxb7 Nb3 38. Bxb4 Nxa5 39. Bf8+ 1-0

[Event "Rapidturnier Deutsche Meister"]
[Site "Leipzig"]
[Date "2020.10.03"]
[Round "1.3"]
[White "Espig, Lutz"]
[Black "Tischbierek, Raj"]
[Result "0-1"]
[ECO "A41"]
[WhiteElo "2256"]
[BlackElo "2367"]
[Annotator "broadcasts"]
[PlyCount "34"]
[EventDate "2020.10.03"]
[EventType "swiss"]
[EventCountry "GER"]
[TimeControl "900+5"]

1. Nf3 d6 2. d4 Bg4 3. e4 Nf6 4. Nc3 e6 5. Be2 d5 6. exd5 exd5 7. Ne5 Be6 8. Bg5 Be7 9. Qd2 Nbd7 10. O-O-O c6 11. Kb1 Nxe5 12. dxe5 Nd7 13. Bxe7 Qxe7 14. f4 f6 15. exf6 Qxf6 16. Bh5+ g6 17. Bg4 Bxg4 0-1

[Event "Rapidturnier Deutsche Meister"]
[Site "Leipzig"]
[Date "2020.10.03"]
[Round "1.4"]
[White "Hecht, Hans-Joachim"]
[Black "Schoeneberg, Manfred"]
[Result "1/2-1/2"]
[ECO "A55"]
[WhiteElo "2311"]
[BlackElo "2133"]
[Annotator "broadcasts"]
[PlyCount "36"]
[EventDate "2020.10.03"]
[EventType "swiss"]
[EventCountry "GER"]
[TimeControl "900+5"]

1. d4 Nf6 2. c4 d6 3. Nf3 Nbd7 4. Nc3 e5 5. g3 Be7 6. Bg2 O-O 7. O-O c6 8. e4 Qc7 9. Re1 Re8 10. h3 a6 11. d5 cxd5 12. cxd5 b5 13. Bd2 Nb6 14. a4 Bd7 15. Rc1 Nc4 16. axb5 axb5 17. Nxb5 Bxb5 18. b3 Rec8 1/2-1/2

[Event "Rapidturnier Deutsche Meister"]
[Site "Leipzig"]
[Date "2020.10.03"]
[Round "1.5"]
[White "Wagner-Michel, Annett"]
[Black "Heinatz, Gundula"]
[Result "1-0"]
[ECO "B12"]
[WhiteElo "2011"]
[BlackElo "2197"]
[Annotator "broadcasts"]
[PlyCount "87"]
[EventDate "2020.10.03"]
[EventType "swiss"]
[EventCountry "GER"]
[TimeControl "900+5"]

1. e4 g6 2. d4 Bg7 3. c3 d5 4. Nd2 c6 5. h3 e5 6. exd5 exd4 7. cxd4 cxd5 8. Bb5+ Nc6 9. Ngf3 Qe7+ 10. Qe2 Qxe2+ 11. Kxe2 a6 12. Bxc6+ bxc6 13. Nb3 a5 14. Nc5 Ne7 15. Bf4 O-O 16. Rhe1 Nf5 17. Kd3 h5 18. Rac1 a4 19. Rc3 Bf6 20. Ra3 Be7 21. Rxa4 Rxa4 22. Nxa4 Ba6+ 23. Kc3 Rc8 24. g4 hxg4 25. hxg4 Nh4 26. Rxe7 Nxf3 27. Nc5 Bf1 28. Re3 Nh4 29. Re1 Ng2 30. Rxf1 Nxf4 31. Re1 Kg7 32. Re7 Rh8 33. Rc7 Rh3+ 34. Kb4 Ne2 35. Nb3 Rf3 36. Rxc6 Rxf2 37. a4 Rf4 38. a5 Nxd4 39. Nxd4 Rxd4+ 40. Kb5 Rxg4 41. a6 Rg1 42. a7 Rb1 43. b4 Ra1 44. Ra6 1-0

[Event "Rapidturnier Deutsche Meister"]
[Site "Leipzig"]
[Date "2020.10.03"]
[Round "1.6"]
[White "Burchardt, Brigitte"]
[Black "Mai, Iris"]
[Result "1/2-1/2"]
[ECO "B40"]
[WhiteElo "2067"]
[BlackElo "2021"]
[Annotator "broadcasts"]
[PlyCount "38"]
[EventDate "2020.10.03"]
[EventType "swiss"]
[EventCountry "GER"]
[TimeControl "900+5"]

1. e4 c5 2. b3 b6 3. Bb2 Bb7 4. Nc3 e6 5. Nf3 d6 6. Bb5+ Nd7 7. O-O a6 8. Bxd7+ Qxd7 9. d4 Nf6 10. dxc5 dxc5 11. Qe2 Be7 12. e5 Nd5 13. Nxd5 Qxd5 14. Rad1 Qc6 15. c4 O-O 16. Rd3 Rad8 17. Rfd1 Rxd3 18. Rxd3 Rd8 19. Rxd8+ Bxd8 1/2-1/2

[Event "Rapidturnier Deutsche Meister"]
[Site "Leipzig"]
[Date "2020.10.03"]
[Round "1.7"]
[White "Seidemann, Ulricke"]
[Black "Goehler, Antje"]
[Result "0-1"]
[ECO "A30"]
[WhiteElo "2043"]
[BlackElo "2102"]
[Annotator "broadcasts"]
[PlyCount "62"]
[EventDate "2020.10.03"]
[EventType "swiss"]
[EventCountry "GER"]
[TimeControl "900+5"]

1. c4 c5 2. g3 b6 3. Bg2 Nc6 4. e3 Bb7 5. d4 cxd4 6. exd4 d6 7. Nc3 e6 8. Nge2 Nf6 9. O-O Be7 10. h3 a6 11. Be3 Qc7 12. Rc1 Rc8 13. d5 Ne5 14. b3 Nfd7 15. f4 Ng6 16. dxe6 fxe6 17. Nd4 Ngf8 18. Qh5+ g6 19. Qe2 Bxg2 20. Kxg2 Bf6 21. Nxe6 Nxe6 22. Nd5 Qc6 23. Bd4 Kf7 24. f5 Nxd4 25. fxg6+ Kg7 26. Qg4 h5 27. Qd1 Ne6 28. Kh2 Rcf8 29. Qd3 Ne5 30. Qe2 Ng5 31. Rc3 Ng4+ 0-1

[Event "Rapidturnier Deutsche Meister"]
[Site "Leipzig"]
[Date "2020.10.03"]
[Round "1.8"]
[White "Kunze, Kerstin"]
[Black "Just, Gabriele"]
[Result "1-0"]
[ECO "C01"]
[WhiteElo "2037"]
[BlackElo "1837"]
[Annotator "broadcasts"]
[PlyCount "60"]
[EventDate "2020.10.03"]
[EventType "swiss"]
[EventCountry "GER"]
[TimeControl "900+5"]

1. e4 e6 2. d4 d5 3. Nc3 Bb4 4. exd5 exd5 5. Bd3 Nc6 6. Nge2 Nge7 7. O-O Bg4 8. Qd2 f6 9. h3 Bh5 10. Nf4 Bg6 11. Ne6 Qd7 12. Re1 Kf7 13. a3 Bxc3 14. bxc3 Rae8 15. Bb2 Bxd3 16. Qxd3 Na5 17. Rad1 Nc4 18. Bc1 g6 19. Nc5 Qc8 20. Qf3 b6 21. Nd3 Kg7 22. Nf4 Qf5 23. g4 Qxc2 24. Ne6+ Kf7 25. Nxc7 Rd8 26. Bg5 Rd6 27. Rxe7+ Kxe7 28. Nxd5+ Kd7 29. Nxf6+ Kc8 30. Qa8+ Kc7 1-0

[Event "Rapidturnier Deutsche Meister"]
[Site "Leipzig"]
[Date "2020.10.03"]
[Round "2.1"]
[White "Baumbach, Friedrich"]
[Black "Knaak, Rainer"]
[Result "0-1"]
[ECO "D31"]
[WhiteElo "2127"]
[BlackElo "2476"]
[Annotator "broadcasts"]
[PlyCount "74"]
[EventDate "2020.10.03"]
[EventType "swiss"]
[EventCountry "GER"]
[TimeControl "900+5"]

1. d4 d5 2. c4 e6 3. Nc3 a6 4. e4 dxe4 5. Nxe4 Bb4+ 6. Nc3 c5 7. d5 Nf6 8. Bg5 exd5 9. cxd5 Bxc3+ 10. bxc3 Qxd5 11. Bxf6 Qe6+ 12. Qe2 gxf6 13. g3 Nc6 14. Nh3 O-O 15. Nf4 Qe5 16. Qxe5 fxe5 17. Nd3 b6 18. Bg2 Bd7 19. Rb1 Rab8 20. O-O f6 21. Rfd1 Rfd8 22. Rb2 Kf8 23. Rdb1 Bf5 24. Bxc6 Bxd3 25. Rc1 Bc4 26. f4 Rd6 27. Be4 h6 28. Kf2 exf4 29. gxf4 Re8 30. Kf3 Rde6 31. Bg6 Rd8 32. a4 b5 33. axb5 axb5 34. Kg4 Re3 35. Kh5 Kg7 36. h4 Be2+ 37. Rxe2 Rxe2 0-1

[Event "Rapidturnier Deutsche Meister"]
[Site "Leipzig"]
[Date "2020.10.03"]
[Round "2.2"]
[White "Goehler, Antje"]
[Black "Kunze, Kerstin"]
[Result "1/2-1/2"]
[ECO "D45"]
[WhiteElo "2102"]
[BlackElo "2037"]
[Annotator "broadcasts"]
[PlyCount "69"]
[EventDate "2020.10.03"]
[EventType "swiss"]
[EventCountry "GER"]
[TimeControl "900+5"]

1. d4 Nf6 2. Nf3 e6 3. c4 d5 4. Nc3 c6 5. e3 Bd6 6. Qc2 Nbd7 7. b3 Qe7 8. Bb2 a6 9. Be2 O-O 10. O-O b5 11. e4 b4 12. e5 bxc3 13. exd6 Qxd6 14. Qxc3 Ne4 15. Qe3 a5 16. a4 Re8 17. Ba3 Qc7 18. Rfc1 Qb6 19. Rab1 Ba6 20. b4 axb4 21. Rxb4 Qa5 22. Rcb1 Rab8 23. Qb3 Rxb4 24. Qxb4 Qxb4 25. Rxb4 Nc3 26. Bd3 Rb8 27. Rxb8+ Nxb8 28. Ne5 Nxa4 29. Bd6 f6 30. Bxb8 fxe5 31. Bxe5 dxc4 32. Bc2 Nb6 33. Kf1 c3+ 34. Ke1 Nd5 35. Bd6 1/2-1/2

[Event "Rapidturnier Deutsche Meister"]
[Site "Leipzig"]
[Date "2020.10.03"]
[Round "2.3"]
[White "Tischbierek, Raj"]
[Black "Hecht, Hans-Joachim"]
[Result "1/2-1/2"]
[ECO "C10"]
[WhiteElo "2367"]
[BlackElo "2311"]
[Annotator "broadcasts"]
[PlyCount "72"]
[EventDate "2020.10.03"]
[EventType "swiss"]
[EventCountry "GER"]
[TimeControl "900+5"]

1. e4 e6 2. d4 d5 3. Nc3 Nc6 4. e5 Bd7 5. Nce2 Qe7 6. f4 Nh6 7. Nf3 Nf5 8. c3 h5 9. Ng3 h4 10. Nxf5 exf5 11. Bd3 O-O-O 12. O-O Kb8 13. b4 Be6 14. a4 Qd7 15. a5 Ne7 16. Nd2 Nc8 17. Nb3 a6 18. Nc5 Bxc5 19. bxc5 Na7 20. Rb1 Nb5 21. Bxb5 axb5 22. Ra1 Qc6 23. h3 Bc8 24. Rf2 Rh6 25. Bd2 Rdh8 26. Be3 Qa6 27. Rb2 c6 28. Bf2 Be6 29. Qe1 Kc8 30. Rd2 Kc7 31. Kh2 Kc8 32. Qb1 Kc7 33. Qb4 Kc8 34. Rd3 Kc7 35. Rd2 Kc8 36. Rd3 Kc7 1/2-1/2

[Event "Rapidturnier Deutsche Meister"]
[Site "Leipzig"]
[Date "2020.10.03"]
[Round "2.4"]
[White "Mai, Iris"]
[Black "Wagner-Michel, Annett"]
[Result "1/2-1/2"]
[ECO "D55"]
[WhiteElo "2021"]
[BlackElo "2011"]
[Annotator "broadcasts"]
[PlyCount "37"]
[EventDate "2020.10.03"]
[EventType "swiss"]
[EventCountry "GER"]
[TimeControl "900+5"]

1. d4 d5 2. Nf3 Nf6 3. c4 e6 4. Nc3 Be7 5. Bg5 O-O 6. e3 b6 7. cxd5 exd5 8. Be2 Bb7 9. O-O Ne4 10. Bxe7 Qxe7 11. Qb3 Nxc3 12. bxc3 c5 13. a4 c4 14. Qb2 Nc6 15. Nd2 Rab8 16. Bf3 Na5 17. Rfb1 h6 18. Qb4 Qg5 19. Qd6 1/2-1/2

[Event "Rapidturnier Deutsche Meister"]
[Site "Leipzig"]
[Date "2020.10.03"]
[Round "2.5"]
[White "Schoeneberg, Manfred"]
[Black "Paehtz, Thomas"]
[Result "0-1"]
[ECO "B08"]
[WhiteElo "2133"]
[BlackElo "2297"]
[Annotator "broadcasts"]
[PlyCount "71"]
[EventDate "2020.10.03"]
[EventType "swiss"]
[EventCountry "GER"]
[TimeControl "900+5"]

1. e4 g6 2. d4 Bg7 3. Nc3 d6 4. Nf3 a6 5. a4 Nf6 6. Be2 O-O 7. O-O Nc6 8. h3 e5 9. dxe5 dxe5 10. Qxd8 Rxd8 11. Bg5 Be6 12. Rad1 Nd4 13. Nxe5 Nxe2+ 14. Nxe2 Rxd1 15. Rxd1 Nxe4 16. Bf4 g5 17. Bh2 f5 18. Nd4 Rd8 19. Rd3 Bc8 20. Nxf5 Rxd3 21. Ne7+ Kf8 22. cxd3 Kxe7 23. dxe4 c5 24. Nc4 b5 25. axb5 axb5 26. Be5 Bxe5 27. Nxe5 Kf6 28. Ng4+ Ke6 29. Kf1 h5 30. Ne3 Ke5 31. f3 c4 32. Ke2 h4 33. Kd2 Kf4 34. Ke2 Kg3 35. Kf1 b4 36. Kg1 0-1

[Event "Rapidturnier Deutsche Meister"]
[Site "Leipzig"]
[Date "2020.10.03"]
[Round "2.6"]
[White "Boensch, Uwe"]
[Black "Bastian, Herbert"]
[Result "1-0"]
[ECO "D33"]
[WhiteElo "2508"]
[BlackElo "2269"]
[Annotator "broadcasts"]
[PlyCount "61"]
[EventDate "2020.10.03"]
[EventType "swiss"]
[EventCountry "GER"]
[TimeControl "900+5"]

1. d4 d5 2. c4 e6 3. Nf3 Nf6 4. Nc3 Be7 5. g3 O-O 6. Bg2 c5 7. cxd5 exd5 8. O-O h6 9. Bf4 Nc6 10. Rc1 Be6 11. dxc5 Bxc5 12. Ne5 Rc8 13. Nxc6 bxc6 14. e4 Bb6 15. e5 Nd7 16. Qh5 f6 17. exf6 Qxf6 18. Be3 Ne5 19. Qe2 Rce8 20. Bxb6 axb6 21. f4 Nc4 22. Qf2 Bg4 23. Nxd5 Qxb2 24. Qxb2 Nxb2 25. Rxc6 b5 26. Rb1 Nc4 27. h3 Bd7 28. Rc7 Rd8 29. a4 Nd2 30. Rd1 Nb3 31. Ne7+ 1-0

[Event "Rapidturnier Deutsche Meister"]
[Site "Leipzig"]
[Date "2020.10.03"]
[Round "2.7"]
[White "Heinatz, Gundula"]
[Black "Burchardt, Brigitte"]
[Result "1/2-1/2"]
[ECO "D02"]
[WhiteElo "2197"]
[BlackElo "2067"]
[Annotator "broadcasts"]
[PlyCount "23"]
[EventDate "2020.10.03"]
[EventType "swiss"]
[EventCountry "GER"]
[TimeControl "900+5"]

1. d4 d5 2. Nf3 Nf6 3. Bf4 c6 4. e3 Bf5 5. Bd3 Bxd3 6. cxd3 Nbd7 7. Nc3 Nh5 8. Be5 Nxe5 9. dxe5 g6 10. O-O e6 11. d4 Be7 12. Rc1 1/2-1/2

[Event "Rapidturnier Deutsche Meister"]
[Site "Leipzig"]
[Date "2020.10.03"]
[Round "2.9"]
[White "Just, Gabriele"]
[Black "Seidemann, Ulricke"]
[Result "0-1"]
[ECO "D02"]
[WhiteElo "1837"]
[BlackElo "2043"]
[Annotator "broadcasts"]
[PlyCount "82"]
[EventDate "2020.10.03"]
[EventType "swiss"]
[EventCountry "GER"]
[TimeControl "900+5"]

1. d4 d5 2. Nf3 e6 3. Bf4 c5 4. c3 Nc6 5. e3 Bd6 6. Nbd2 Bxf4 7. exf4 cxd4 8. cxd4 Qf6 9. Bb5 Nge7 10. g3 O-O 11. O-O Nxd4 12. Nxd4 Qxd4 13. Qc2 Ng6 14. Rfe1 Qf6 15. Nf3 a6 16. Bd3 h6 17. a4 Bd7 18. Qe2 Bc6 19. a5 Rac8 20. Rac1 Bd7 21. Bxg6 Qxg6 22. Ne5 Qe4 23. Nxd7 Qxe2 24. Rxe2 Rxc1+ 25. Kg2 Rfc8 26. b4 R1c2 27. Kf3 Rxe2 28. Kxe2 Rc4 29. Nc5 Rxb4 30. Ke3 Rb5 31. Kd4 Kf8 32. f5 Ke7 33. f4 Rxa5 34. Nxb7 Ra4+ 35. Ke3 exf5 36. Nc5 Re4+ 37. Kd3 a5 38. h3 h5 39. g4 hxg4 40. hxg4 Rxf4 41. gxf5 Kf6 0-1

[Event "Rapidturnier Deutsche Meister"]
[Site "Leipzig"]
[Date "2020.10.03"]
[Round "3.1"]
[White "Hecht, Hans-Joachim"]
[Black "Baumbach, Friedrich"]
[Result "1-0"]
[ECO "D55"]
[WhiteElo "2311"]
[BlackElo "2127"]
[Annotator "ChessBase"]
[PlyCount "107"]
[EventDate "2020.10.03"]
[EventType "swiss"]
[EventCountry "GER"]
[SourceTitle "playchess.com"]
[Source "ChessBase"]
[SourceQuality "1"]
[TimeControl "900+5"]

1. d4 d5 2. c4 e6 3. Nc3 Nf6 4. Bg5 Be7 5. e3 h6 6. Bxf6 Bxf6 7. Nf3 O-O 8. Rc1 c6 9. h4 Nd7 10. g4 e5 11. cxd5 exd4 12. Nxd4 cxd5 13. g5 Bxd4 14. Qxd4 hxg5 15. hxg5 Qxg5 16. Nxd5 Ne5 17. Be2 Nc6 18. Qh4 Qxh4 19. Rxh4 Be6 20. Nc7 Rac8 21. Nxe6 fxe6 22. Bc4 Rf6 23. Ke2 Rcf8 24. f4 Ne7 25. Rh5 Nf5 26. Rxf5 Rxf5 27. Bxe6+ Kh7 28. Bxf5+ Rxf5 29. Kf3 Rb5 30. Rc2 Ra5 31. b3 Rh5 32. Kg4 Rh1 33. Rc7 Rg1+ 34. Kf5 Ra1 35. a4 Re1 36. e4 b6 37. b4 a5 38. bxa5 bxa5 39. Rc5 Rh1 40. e5 Rd1 41. Rxa5 g6+ 42. Ke4 Re1+ 43. Kf3 g5 44. fxg5 Kg6 45. Kf4 Rf1+ 46. Ke4 Kxg5 47. Ra8 Re1+ 48. Kd5 Kg6 49. a5 Kf7 50. Ra7+ Ke8 51. a6 Rb1 52. Rb7 Rd1+ 53. Ke6 Rh1 54. Rb6 1-0

[Event "Rapidturnier Deutsche Meister"]
[Site "Leipzig"]
[Date "2020.10.03"]
[Round "3.3"]
[White "Paehtz, Thomas"]
[Black "Tischbierek, Raj"]
[Result "1/2-1/2"]
[ECO "D14"]
[WhiteElo "2297"]
[BlackElo "2367"]
[Annotator "ChessBase"]
[PlyCount "22"]
[EventDate "2020.10.03"]
[EventType "swiss"]
[EventCountry "GER"]
[SourceTitle "playchess.com"]
[Source "ChessBase"]
[SourceQuality "1"]
[TimeControl "900+5"]

1. d4 d5 2. c4 c6 3. cxd5 cxd5 4. Nf3 Nf6 5. Nc3 Nc6 6. Bf4 Bf5 7. e3 e6 8. Bd3 Bxd3 9. Qxd3 Bd6 10. Bxd6 Qxd6 11. O-O O-O 1/2-1/2

[Event "Rapidturnier Deutsche Meister"]
[Site "Leipzig"]
[Date "2020.10.03"]
[Round "3.4"]
[White "Wagner-Michel, Annett"]
[Black "Goehler, Antje"]
[Result "1-0"]
[ECO "B52"]
[WhiteElo "2011"]
[BlackElo "2102"]
[Annotator "ChessBase"]
[PlyCount "83"]
[EventDate "2020.10.03"]
[EventType "swiss"]
[EventCountry "GER"]
[SourceTitle "playchess.com"]
[Source "ChessBase"]
[SourceQuality "1"]
[TimeControl "900+5"]

1. e4 c5 2. Nf3 d6 3. Bb5+ Bd7 4. a4 a6 5. Bxd7+ Nxd7 6. O-O Ngf6 7. Re1 Qc7 8. Nc3 e6 9. h3 Be7 10. d3 O-O 11. b3 Rfe8 12. Bf4 Ne5 13. a5 Nfd7 14. Nxe5 Nxe5 15. Qd2 Bf6 16. Ra4 Nc6 17. Ne2 Bd8 18. d4 cxd4 19. Bg3 e5 20. b4 b5 21. axb6 Qxb6 22. Rb1 Qb5 23. Raa1 Bc7 24. c3 dxc3 25. Nxc3 Qc4 26. Nd5 Rac8 27. Nxc7 Rxc7 28. Qxd6 Nd4 29. Bxe5 Ne2+ 30. Kh2 Rc6 31. Qd5 h6 32. Re1 Qxd5 33. exd5 Rc2 34. Bd6 Re4 35. Bc5 Nc3 36. d6 Rxe1 37. Rxe1 Rd2 38. Ra1 Ne4 39. Rxa6 Nxf2 40. Bxf2 Rxf2 41. Ra8+ Kh7 42. d7 1-0

[Event "Rapidturnier Deutsche Meister"]
[Site "Leipzig"]
[Date "2020.10.03"]
[Round "3.5"]
[White "Kunze, Kerstin"]
[Black "Burchardt, Brigitte"]
[Result "1-0"]
[ECO "B53"]
[WhiteElo "2037"]
[BlackElo "2067"]
[Annotator "ChessBase"]
[PlyCount "69"]
[EventDate "2020.10.03"]
[EventType "swiss"]
[EventCountry "GER"]
[SourceTitle "playchess.com"]
[Source "ChessBase"]
[SourceQuality "1"]
[TimeControl "900+5"]

1. e4 c5 2. Nf3 d6 3. d4 cxd4 4. Qxd4 Nc6 5. Bb5 Bd7 6. Bxc6 Bxc6 7. c4 Nf6 8. Nc3 g6 9. O-O Bg7 10. Qd3 O-O 11. Nd4 Rc8 12. b3 Nd7 13. Bb2 Ne5 14. Qd2 Bd7 15. Rad1 a6 16. Nd5 Bg4 17. f3 Be6 18. h3 Nc6 19. Nxe6 fxe6 20. Bxg7 Kxg7 21. Nf4 Qb6+ 22. Kh2 Rf6 23. Nd3 e5 24. Nf2 Nd4 25. Ng4 Rf4 26. g3 Rxf3 27. Qh6+ Kg8 28. Rxf3 Nxf3+ 29. Kg2 Nd4 30. Rf1 Qb4 31. Qg5 Ne6 32. Nh6+ Kh8 33. Nf7+ Kg7 34. Qh6+ Kg8 35. Qh4 1-0

[Event "Rapidturnier Deutsche Meister"]
[Site "Leipzig"]
[Date "2020.10.03"]
[Round "3.6"]
[White "Seidemann, Ulricke"]
[Black "Mai, Iris"]
[Result "1/2-1/2"]
[ECO "A22"]
[WhiteElo "2043"]
[BlackElo "2021"]
[Annotator "ChessBase"]
[PlyCount "38"]
[EventDate "2020.10.03"]
[EventType "swiss"]
[EventCountry "GER"]
[SourceTitle "playchess.com"]
[Source "ChessBase"]
[SourceQuality "1"]
[TimeControl "900+5"]

1. c4 Nf6 2. g3 e5 3. Bg2 Bc5 4. e3 O-O 5. Nc3 a6 6. Nge2 c6 7. O-O d5 8. d4 exd4 9. exd4 Bb4 10. cxd5 Nxd5 11. Nxd5 cxd5 12. Qb3 Nc6 13. Qxd5 Qe7 14. Be3 Be6 15. Qg5 Qxg5 16. Bxg5 Bc4 17. d5 Ne5 18. Nc3 Bxf1 19. Rxf1 f6 1/2-1/2

[Event "Rapidturnier Deutsche Meister"]
[Site "Leipzig"]
[Date "2020.10.03"]
[Round "3.7"]
[White "Espig, Lutz"]
[Black "Schoeneberg, Manfred"]
[Result "0-1"]
[ECO "A39"]
[WhiteElo "2256"]
[BlackElo "2133"]
[Annotator "ChessBase"]
[PlyCount "90"]
[EventDate "2020.10.03"]
[EventType "swiss"]
[EventCountry "GER"]
[SourceTitle "playchess.com"]
[Source "ChessBase"]
[SourceQuality "1"]
[TimeControl "900+5"]

1. Nf3 Nf6 2. c4 c5 3. Nc3 Nc6 4. g3 g6 5. Bg2 Bg7 6. O-O O-O 7. d4 cxd4 8. Nxd4 Nxd4 9. Qxd4 d6 10. Qd3 Bf5 11. e4 Be6 12. b3 a6 13. Bd2 Rc8 14. Rac1 Nd7 15. Rfd1 Qc7 16. Nd5 Bxd5 17. Qxd5 Rfd8 18. Bg5 Nf6 19. Qd2 Qb8 20. Bf4 b5 21. Qe2 bxc4 22. Rxc4 Rxc4 23. Qxc4 Qb6 24. e5 dxe5 25. Rxd8+ Qxd8 26. Bxe5 Qa5 27. Qe2 h5 28. Bf1 Kh7 29. Bf4 Nd5 30. Qxa6 Qxa6 31. Bxa6 Nxf4 32. gxf4 Bh6 33. f5 gxf5 34. Kf1 Bf4 35. h3 Bd6 36. Bd3 Kg6 37. a4 Bb4 38. Bb5 e5 39. Be8 e4 40. Ke2 f4 41. Bd7 Kf6 42. f3 e3 43. Be8 h4 44. Kd3 Ke6 45. Bb5 Ke5 0-1

[Event "Rapidturnier Deutsche Meister"]
[Site "Leipzig"]
[Date "2020.10.03"]
[Round "3.8"]
[White "Bastian, Herbert"]
[Black "Glienke, Manfred"]
[Result "1/2-1/2"]
[ECO "C44"]
[WhiteElo "2269"]
[BlackElo "2231"]
[Annotator "ChessBase"]
[PlyCount "26"]
[EventDate "2020.10.03"]
[EventType "swiss"]
[EventCountry "GER"]
[SourceTitle "playchess.com"]
[Source "ChessBase"]
[SourceQuality "1"]
[TimeControl "900+5"]

1. e4 d6 2. d4 Nf6 3. Bd3 e5 4. c3 Nc6 5. Nf3 g6 6. O-O Bg7 7. d5 Ne7 8. c4 O-O 9. Nc3 Nh5 10. g3 Bg4 11. Be2 f5 12. Ng5 Bxe2 13. Qxe2 Qd7 1/2-1/2

[Event "Rapidturnier Deutsche Meister"]
[Site "Leipzig"]
[Date "2020.10.03"]
[Round "3.9"]
[White "Just, Gabriele"]
[Black "Heinatz, Gundula"]
[Result "0-1"]
[ECO "A40"]
[WhiteElo "1837"]
[BlackElo "2197"]
[Annotator "ChessBase"]
[PlyCount "72"]
[EventDate "2020.10.03"]
[EventType "swiss"]
[EventCountry "GER"]
[SourceTitle "playchess.com"]
[Source "ChessBase"]
[SourceQuality "1"]
[TimeControl "900+5"]

1. d4 g6 2. Nf3 Bg7 3. Bg5 h6 4. Bh4 c5 5. e3 Qb6 6. Na3 cxd4 7. Nxd4 a6 8. Rb1 Nc6 9. Nc4 Qc7 10. Bg3 d6 11. c3 b5 12. Nd2 Bb7 13. f3 Nf6 14. Bd3 Ne5 15. Bxe5 dxe5 16. Nc2 Rd8 17. Nb4 O-O 18. Be2 e4 19. Nc2 exf3 20. Bxf3 Ne4 21. Bxe4 Bxe4 22. Nd4 Bxg2 23. Kf2 Bxh1 24. Qxh1 e5 25. N4f3 Qe7 26. h4 e4 27. Nd4 Bxd4 28. cxd4 f5 29. Rg1 Kh7 30. Ke2 Rc8 31. Qg2 Rf6 32. Kd1 Qc7 33. h5 g5 34. Ke2 Qc2 35. b3 Qd3+ 36. Kd1 Rfc6 0-1

[Event "Rapidturnier Deutsche Meister"]
[Site "Leipzig"]
[Date "2020.10.03"]
[Round "4.2"]
[White "Wagner-Michel, Annett"]
[Black "Kunze, Kerstin"]
[Result "0-1"]
[ECO "C45"]
[WhiteElo "2011"]
[BlackElo "2037"]
[Annotator "ChessBase"]
[PlyCount "102"]
[EventDate "2020.10.03"]
[EventType "swiss"]
[EventCountry "GER"]
[SourceTitle "playchess.com"]
[Source "ChessBase"]
[SourceQuality "1"]
[TimeControl "900+5"]

1. e4 e5 2. Nf3 Nc6 3. d4 exd4 4. Nxd4 Bc5 5. Nb3 Bb6 6. Nc3 Qf6 7. Qe2 Nge7 8. h4 h6 9. Be3 Bxe3 10. Qxe3 Nb4 11. O-O-O Qb6 12. Qg3 O-O 13. f4 a5 14. Nd4 d5 15. a3 c5 16. Ndb5 d4 17. Na4 Qe6 18. axb4 axb4 19. Nxc5 Ra1+ 20. Kd2 Rxd1+ 21. Kxd1 Qa2 22. Qb3 Bg4+ 23. Ke1 Qb1+ 24. Kf2 Qc1 25. Nd3 Qd2+ 26. Kg1 Ng6 27. Nf2 Be6 28. Qd3 Qxf4 29. Nxd4 Ne5 30. Qe2 Bc4 31. Qh5 Bxf1 32. Kxf1 Nc4 33. Qe2 Qc1+ 34. Qd1 Ne3+ 35. Ke2 Nxd1 36. Rxd1 Qxb2 37. Rd2 Qc3 38. Ng4 Qg3 39. Ne3 Qxh4 40. e5 Qh5+ 41. Nf3 Re8 42. Kf2 Qg6 43. Nd5 Qe4 44. Nc7 Rc8 45. Re2 Qc6 46. e6 Qxc7 47. e7 Re8 48. Rd2 Rxe7 49. Nd4 Qc5 50. Kg3 Rd7 51. Nb3 Qc3+ 0-1

[Event "Rapidturnier Deutsche Meister"]
[Site "Leipzig"]
[Date "2020.10.03"]
[Round "4.3"]
[White "Tischbierek, Raj"]
[Black "Knaak, Rainer"]
[Result "0-1"]
[ECO "A00"]
[WhiteElo "2367"]
[BlackElo "2476"]
[Annotator "ChessBase"]
[PlyCount "84"]
[EventDate "2020.10.03"]
[EventType "swiss"]
[EventCountry "GER"]
[SourceTitle "playchess.com"]
[Source "ChessBase"]
[SourceQuality "1"]
[TimeControl "900+5"]

1. g3 d5 2. Bg2 e5 3. d3 Nf6 4. Nf3 Nbd7 5. O-O Bd6 6. Nc3 c6 7. e4 O-O 8. Nh4 d4 9. Ne2 g6 10. h3 Re8 11. c4 Nh5 12. Bd2 a5 13. Qe1 b5 14. cxb5 cxb5 15. f4 b4 16. Rd1 Ba6 17. Nc1 Nc5 18. Rf3 Na4 19. fxe5 Bxe5 20. Qf2 Ra7 21. Rf1 f6 22. Bf4 Nxf4 23. gxf4 Bd6 24. e5 fxe5 25. fxe5 Bxe5 26. Rf7 Rxf7 27. Qxf7+ Kh8 28. Nf3 Bg7 29. Ng5 Rf8 30. h4 Nc5 31. Bd5 h6 32. Qxg6 Rxf1+ 33. Kxf1 Qf6+ 34. Qxf6 Bxf6 35. Nf3 Nxd3 36. Nxd3 Bxd3+ 37. Ke1 Kg7 38. Kd2 Bf5 39. Bc4 Be4 40. Be2 d3 41. Bd1 Bxb2 42. Ne1 Bc3+ 0-1